 Dungeon Crawl Stone Soup version 0.30.1-11-g7821555f0a (webtiles) character file.

Game seed: 4645959666267194106

4332 Kunzite the Shooter (level 10, -1/77 HPs)
             Began as a Red Draconian Enchanter on Jan 11, 2024.
             Was a Priest of Cheibriados.
             Succumbed to a killer bee's poison
             ... on level 8 of the Dungeon.
             The game lasted 00:39:22 (7035 turns).

Kunzite the Shooter (Red Draconian Enchanter)       Turns: 7035, Time: 00:39:22

Health: -1/77      AC:  3    Str: 19 (21) XL:     10   Next: 12%
Magic:  4/25       EV: 14    Int: 21 (24) God:    Cheibriados [***...]
Gold:   420        SH:  0    Dex: 15 (18) Spells: 2/17 levels left

rFire   + . .        o - +2 short sword (vamp)
rCold   . . .        (no shield)
rNeg    . . .        (body armour unavailable)
rPois   .            (helmet restricted)
rElec   .            (no cloak)
rCorr   .            (no gloves)
SInv    .            (no boots)
Will    .....        B - amulet of guardian spirit
Stlth   +++          g - ring of magical power
HPRegen 0.32/turn    n - +4 ring of slaying
MPRegen 0.19/turn

%: guardian spirit
@: lethally poisoned (-1 -> -17), corroded, very slow
A: breathe fire, AC +7, unfitting armour, fire resistance 1, cold-blooded
a: Breathe Fire, Renounce Religion, Bend Time, Temporal Distortion


You were on level 8 of the Dungeon.
You worshipped Cheibriados.
Cheibriados was most pleased with you.
You visited 2 branches of the dungeon, and saw 9 of its levels.

You collected 420 gold pieces.

Inventory:

Hand Weapons
 o - a +2 vampiric short sword (weapon)
 q - a +0 arbalest of electrocution
Missiles
 z - a throwing net
Jewellery
 c - a +6 ring of intelligence
 g - a ring of magical power (left hand)
 h - an amulet of the acrobat
 j - an amulet of reflection
 n - a +4 ring of slaying (right hand)
 t - a ring of protection from fire
 u - a ring of fire
 B - an amulet of guardian spirit (around neck)
Wands
 w - a wand of flame (19)
Scrolls
 b - 5 scrolls of teleportation
 d - 3 scrolls of vulnerability
 l - a scroll of poison
 m - 2 scrolls of amnesia
 x - a scroll of magic mapping
Potions
 a - 2 potions of haste
 e - a potion of heal wounds {unknown}
 f - a potion of flight
 i - a potion of lignification
 k - 2 potions of mutation {unknown}
 p - a potion of ambrosia
 r - a potion of attraction {unknown}
 s - a potion of might {unknown}
 v - a potion of degeneration
 A - a potion of resistance {unknown}


   Skills:
 * Level 3.6 Fighting
 * Level 4.2 Short Blades
 * Level 5.6 Ranged Weapons
 * Level 4.4 Dodging
 * Level 5.2 Stealth
 + Level 0.5 Shields
 * Level 4.2 Spellcasting
 * Level 2.8 Conjurations
 * Level 4.7 Hexes
 * Level 3.2 Translocations
 * Level 3.1 Ice Magic
 * Level 3.1 Air Magic
 * Level 2.5 Poison Magic
 * Level 1.6 Invocations
 * Level 1.5 Evocations


You had 2 spell levels left.
You knew the following spells:

 Your Spells              Type           Power      Damage    Failure   Level
a - Ensorcelled Hibernat  Hex/Ice        42%        N/A       3%          2
b - Dazzling Flash        Conj/Hex       40%        N/A       8%          3
c - Tukima's Dance        Hex            24%        N/A       4%          3
d - Momentum Strike       Conj/Tloc      34%        3d8       4%          2
e - Mephitic Cloud        Conj/Pois/Air  16%        N/A       11%         3
f - Call Imp              Summ           8%         N/A       19%         2

Your spell library contained the following spells:

 Spells                   Type           Power      Damage    Failure   Level
 Apportation              Tloc           36%        N/A       3%          1
 Magic Dart               Conj           64%        1d6       3%          1
 Blink                    Tloc           36%        N/A       4%          2
 Lesser Beckoning         Tloc           36%        N/A       4%          2
 Poisonous Vapours        Pois/Air       32%        N/A       5%          2
 Necrotise                Necr           16%        1d4       12%         1
 Summon Small Mammal      Summ           16%        N/A       12%         1
 Confusing Touch          Hex            24%        N/A       4%          3
 Portal Projectile        Hex/Tloc       42%        N/A       7%          3
 Gell's Gravitas          Tloc           18%        N/A       9%          3
 Teleport Other           Tloc           18%        N/A       9%          3
 Summon Guardian Golem    Hex/Summ       14%        N/A       13%         3
 Spider Form              Tmut/Pois      9%         N/A       22%         3
 Olgreb's Toxic Radiance  Pois           14%        N/A       38%         4
 Silence                  Hex/Air        10%        N/A       54%         5
 Freezing Cloud           Conj/Ice/Air   8%         6-21      67%         5
 Agony                    Necr           4%         N/A       97%         5
 Blade Hands              Tmut           2%         N/A       97%         5
 Dispersal                Tloc           9%         N/A       99%         6
 Orb of Destruction       Conj           8%         9d6       100%        7
 Spellforged Servitor     Conj/Summ      5%         N/A       100%        7


Dungeon Overview and Level Annotations

Branches:
Dungeon (8/15)             Temple (1/1) D:6
   Lair: D:8-11

Altars:
Ashenzari
Cheibriados
Elyvilon
Gozag
Kikubaaqudgha
Nemelex Xobeh
Okawaru
Ru
Vehumet
Wu Jian
Xom
Yredelemnul
Zin


Innate Abilities, Weirdness & Mutations

You can breathe blasts of fire.
Your fiery red scales are hard. (AC +7)
You cannot fit into any form of body armour.
Your flesh is heat resistant. (rF+)
You are cold-blooded and may be slowed by cold attacks.


Message History

* * * LOW HITPOINT WARNING * * *
You are more poisoned.
The killer bee poisons you! The killer bee barely misses you.
The acid dragon bites you.
* * * LOW HITPOINT WARNING * * *
The acid dragon closely misses you. The killer bee misses you.
The killer bee barely misses you.
A phantom comes into view.
The acid dragon closely misses you. The acid dragon barely misses you.
You feel very sick. The killer bee stings you.
* * * LOW HITPOINT WARNING * * *
The killer bee barely misses you. The kobold brigand closely misses you.
The kobold brigand hits itself with a +0 short sword.
The killer bee stings you.
* * * LOW HITPOINT WARNING * * *
You are lethally poisoned!
The killer bee poisons you! The acid dragon bites you!
* * * LOW HITPOINT WARNING * * *
The acid dragon claws you. The killer bee barely misses you.
Unknown command.
The killer bee attacks as you move away!
The killer bee stings you.
* * * LOW HITPOINT WARNING * * *
You feel less invigorated.
You feel less confused.
* * * LOW HITPOINT WARNING * * *
You feel very sick. The killer bee barely misses you.
The killer bee stings you.
* * * LOW HITPOINT WARNING * * *
The killer bee stings you!
* * * LOW HITPOINT WARNING * * *
You are more poisoned.
The killer bee poisons you! The killer bee barely misses you.
The killer bee stings you!
* * * LOW HITPOINT WARNING * * *
It was a potion of degeneration.
There was something very wrong with that liquid.
You feel weakened.
You feel dopey.
You feel clumsy.
You die...

#..#.#.#.#.#.#............
#.#.#.#.#.#.#.#[.÷........
#.##.#.#.#.#.#))))(.......
#.#.#.#.#.#.#.#...........
#.##.#.#.#.#.#..#####.....
..#.#.#.#.#)#.##### .....
..##.#.#.#.#.#)...# #..#
#†####....#######.## ++#
#...†....).....y@..# ≈..≈
######.#....##.yyD.# .....
#.#.....#...K.#≈..~~8
#.......#.....'..~..~
#####.........'..~![~
####.##'###≈.8~~. #. #W#
≈..... #. #.# ≈≈≈..≈ # #.#
##++#


You could see an acid dragon, a kobold brigand (confused), a phantom and 3
killer bees.

Vanquished Creatures
  Joseph (D:7)
  A troll (D:7)
  A steam dragon (D:7)
  4 water moccasins
  2 black bears (D:6)
  3 ice beasts
  2 orc warriors
  An ogre (D:5)
  2 centaurs
  A lemure (D:7)
  7 bullfrogs
  2 scorpions
  A gnoll sergeant (D:8)
  7 killer bees (D:8)
  A howler monkey (D:5)
  3 jellies
  A hound (D:4)
  3 orc priests
  7 iguanas
  Terence (D:3)
  2 orc wizards
  8 adders
  6 gnolls
  2 shadow imps
  A white imp (D:7)
  An ufetubus (D:4)
  2 worms (D:2)
  A dart slug (D:4)
  11 orcs
  An endoplasm (D:3)
  4 giant cockroaches
  8 goblins
  7 hobgoblins
  5 jackals
  11 kobolds
  A quokka (D:3)
  6 ball pythons
  4 bats
  4 frilled lizards
  3 rats (D:2)
139 creatures vanquished.

Vanquished Creatures (collateral kills)
  Pikel (D:7)
  2 ogres
  A gnoll (D:8)
  A goblin (D:4)
5 creatures vanquished.

Vanquished Creatures (others)
  2 dancing weapons (D:8)
2 creatures vanquished.

Grand Total: 146 creatures vanquished

Notes
Turn   | Place    | Note
-------+----------+-------------------------------------------
     0 | D:1      | Kunzite the Draconian Enchanter began the quest for the
                  | Orb.
     0 | D:1      | Reached XP level 1. HP: 14/14 MP: 3/3
   125 | D:1      | Reached XP level 2. HP: 20/20 MP: 5/5
   142 | D:1      | Learned a level 2 spell: Ensorcelled Hibernation
   335 | D:2      | Found a radiant altar of Vehumet.
   502 | D:2      | Reached XP level 3. HP: 14/27 MP: 1/6
   506 | D:2      | Learned a level 3 spell: Dazzling Flash
   862 | D:3      | Reached skill level 1 in Ranged Weapons
   952 | D:3      | Found a glowing silver altar of Zin.
   952 | D:3      | Noticed Terence
   965 | D:3      | HP: 1/27 [orc priest/divine providence (14)]
  1220 | D:3      | Reached XP level 4. HP: 21/34 MP: 7/7
  1287 | D:4      | Reached skill level 1 in Fighting
  1364 | D:4      | Reached skill level 1 in Ice Magic
  1364 | D:4      | Reached XP level 5. HP: 29/40 MP: 8/8
  1378 | D:5      | Entered Level 5 of the Dungeon
  1420 | D:5      | Learned a level 3 spell: Tukima's Dance
  1593 | D:5      | Reached XP level 6. HP: 47/47 MP: 9/9
  1612 | D:6      | Found a basalt altar of Yredelemnul.
  1807 | D:6      | Learned a level 2 spell: Momentum Strike
  1861 | D:6      | Your scales start taking on a fiery red colour.
  1861 | D:6      | Reached XP level 7. HP: 31/55 MP: 11/11
  1861 | D:6      | Gained mutation: Your flesh is heat resistant. (rF+) [Red
                  | Draconian growth]
  2074 | D:6      | Reached skill level 1 in Conjurations
  2074 | D:6      | Reached skill level 1 in Translocations
  2151 | D:6      | Reached XP level 8. HP: 62/62 MP: 13/13
  2193 | D:6      | Learned a level 3 spell: Mephitic Cloud
  2391 | D:6      | Found a staircase to the Ecumenical Temple.
  2430 | Temple   | Entered the Ecumenical Temple
  2441 | Temple   | Became a worshipper of Cheibriados the Contemplative
  2889 | D:5      | Reached skill level 1 in Air Magic
  2889 | D:5      | Reached skill level 1 in Poison Magic
  3388 | D:4      | Reached * piety under Cheibriados
  3543 | D:4      | Found a shimmering altar of Xom.
  3841 | D:4      | Found a broken altar of Ashenzari.
  4076 | D:3      | Killed Terence
  4277 | D:3      | Found an iron altar of Okawaru.
  4642 | D:2      | Reached ** piety under Cheibriados
  5034 | D:1      | Reached XP level 9. HP: 69/69 MP: 14/14
  5521 | D:1      | Got the Quarto of the Spider
  5593 | D:1      | Learned a level 2 spell: Call Imp
  5846 | D:7      | Reached skill level 5 in Stealth
  5894 | D:7      | Noticed a troll
  5909 | D:7      | Killed a troll
  5910 | D:7      | Reached skill level 5 in Ranged Weapons
  6264 | D:7      | Found an ancient bone altar of Kikubaaqudgha.
  6304 | D:7      | Noticed Pikel
  6334 | D:7      | Killed Pikel
  6335 | D:7      | Reached skill level 1 in Invocations
  6335 | D:7      | Reached skill level 1 in Evocations
  6394 | D:7      | Noticed Joseph
  6410 | D:7      | Killed Joseph
  6682 | D:8      | Reached XP level 10. HP: 77/77 MP: 16/16
  6700 | D:8      | Reached *** piety under Cheibriados
  7034 | D:8      | HP: 2/77 [killer bee (2)]
  7035 | D:8      | Succumbed to a killer bee's poison

Illustrated notes

Levels and vault maps discovered:
D:1:      doesnt_arrival_eight_statues, layout_basic
D:2:      layout_basic, basic_altar
D:3:      layout_rooms, lemuel_tele_altar, kennysheep_okawaru_gauntlet,
          uniq_terence
D:4:      layout_loops_cross, ashenzari_conservatory_becter, xom_redecorated
D:5:      layout_basic
D:6:      layout_basic, mainiacjoe_overflow_alcove_2, minmay_temple_entry_tees
D:7:      layout_rooms, mainiacjoe_overflow_alcove_4, uniq_pikel, uniq_joseph
D:8:      layout_basic, grunt_dithmenos_shadows, tso_metal_star,
          mainiacjoe_overflow_boulevard, minivault_23, kennysheep_generic_room_7
Temple:   chequers_temple_sunken

Skill      XL: |  1  2  3  4  5  6  7  8  9 10 |
---------------+-------------------------------+-----
Dodging        | 2 3 4 |  4.4
Hexes          | 3 4 |  4.7
Ranged Weapons | 1 2 3 4 5 |  5.6
Stealth        | 3 4 5 |  5.2
Fighting       | 1 2 3 |  3.6
Ice Magic      | 1 2 3 |  3.1
Short Blades   | 2 3 4 |  4.2
Spellcasting   | 3 4 |  4.2
Conjurations   | 1 2 |  2.8
Translocations | 1 2 3 |  3.2
Air Magic      | 1 3 |  3.1
Poison Magic   | 1 2 |  2.5
Invocations    | 1 |  1.6
Evocations     | 1 |  1.5
Shields        | |  0.5

Action                     |  1- 3 |  4- 6 |  7- 9 | 10-12 || total
---------------------------+-------+-------+-------+-------++-------
  Melee: Dagger            |    50 |    28 |     3 |       ||    81
         Tailslap          |     6 |     1 |     8 |       ||    15
         Punch             |     1 |       |       |       ||     1
         Short sword       |       |       |    66 |    23 ||    89
   Fire: Sling             |    53 |    18 |    27 |       ||    98
         Arbalest          |       |       |    94 |     4 ||    98
   Cast: Ensorcelled Hiber |    12 |    10 |    22 |    12 ||    56
         Tukima's Dance    |       |     2 |    13 |     3 ||    18
         Momentum Strike   |       |     1 |       |       ||     1
         Mephitic Cloud    |       |       |     3 |     1 ||     4
Ability: Breathe Fire      |       |       |    40 |     5 ||    45
  Evoke: Wand              |       |       |     6 |     4 ||    10
    Use: Scroll            |     4 |       |    10 |       ||    14
         Potion            |     2 |     1 |     1 |     2 ||     6
   Stab: Sleeping          |     5 |     9 |    16 |     7 ||    37
         Invisible         |     1 |     1 |       |       ||     2
 Armour: Skin              |    11 |     8 |    25 |    12 ||    56
  Dodge: Dodged            |    39 |    10 |    60 |    55 ||   164
  Block: Other             |       |    11 |    29 |     4 ||    44
         Reflection        |       |     4 |     6 |       ||    10
